 Dungeon Crawl Stone Soup version 0.27.1-33-g824d729ab1 (webtiles) character file.

Game seed: 12206030078310376078

459 jlumianski the Skirmisher (level 7, -4/43 HPs)
             Began as a Gargoyle Monk on Dec 15, 2021.
             Was a Believer of Wu Jian.
             Slain by an orc warrior (6 damage)
             ... on level 5 of the Dungeon.
             The game lasted 00:16:14 (5332 turns).

jlumianski the Skirmisher (Gargoyle Monk)           Turns: 5332, Time: 00:16:15

Health: -4/43      AC: 10    Str: 16    XL:     7   Next: 6%
Magic:  16/16      EV: 11    Int: 11    God:    Wu Jian [**....]
Gold:   261        SH:  0    Dex: 12    Spells: 6/6 levels left

rFire    . . .     SeeInvis +   i - +1 short sword (speed)
rCold    . . .     Faith    .   (no shield)
rNeg     + . .     Spirit   .   z - +0 ring mail
rPois    ∞         Reflect  .   (no helmet)
rElec    +         Harm     .   (no cloak)
rCorr    .         Rampage  .   (no gloves)
Will     .....                  (no boots)
Stlth    ++........             (no amulet)
HPRegen  0.14/turn              c - ring of see invisible
MPRegen  0.15/turn              w - ring of magical power

@: no status effects
A: sickness immunity, AC +4, negative energy resistance 1, electricity
resistance, torment resistance 1, petrification resistance
a: Renounce Religion, Wall Jump


You were on level 5 of the Dungeon.
You worshipped Wu Jian.
Wu Jian was pleased with you.
You visited 2 branches of the dungeon, and saw 7 of its levels.

You collected 261 gold pieces.

Inventory:

Hand Weapons
 a - a +0 hand axe
 i - a +1 short sword of speed (weapon)
 q - a +1 short sword of holy wrath
Missiles
 g - 17 bolts
 j - 172 stones
 u - 37 poisoned darts (quivered)
Armour
 b - a +0 robe
 o - a +0 leather armour
 z - a +0 ring mail (worn)
Magical Staves
 d - a staff of cold
 A - a staff of poison
Jewellery
 c - a ring of see invisible (left hand)
 w - a ring of magical power (right hand)
Wands
 s - a wand of mindburst (12)
 t - a wand of charming (7)
Scrolls
 f - 2 scrolls of teleportation {unknown}
 h - 2 scrolls of blinking {unknown}
 k - 2 scrolls of fear {unknown}
 m - 4 scrolls of identify {unknown}
 r - a scroll of enchant weapon {unknown}
 x - a scroll of magic mapping {unknown}
 y - a scroll of fog {unknown}
Potions
 e - a potion of attraction {unknown}
 l - a potion of magic {unknown}
 n - a potion of invisibility {unknown}
 p - a potion of resistance {unknown}
 v - a potion of heal wounds {unknown}


   Skills:
 + Level 4.2 Fighting
 + Level 3.4 Short Blades
 + Level 3.5 Axes
 + Level 0.1 Throwing
 + Level 2.3 Armour
 + Level 3.1 Dodging
 + Level 4.1 Stealth


You had 6 spell levels left.
You didn't know any spells.
Your spell library was empty.

Dungeon Overview and Level Annotations

Branches:
Dungeon (6/15)             Temple (1/1) D:5

Altars:
Cheibriados
Elyvilon
Okawaru
Uskayaw
Wu Jian

Annotations:
D:3 Sigmund


Innate Abilities, Weirdness & Mutations

You are immune to sickness and miasma.
Your stone body is resilient. (AC +4)
You are immune to poison.
You resist negative energy. (rN+)
You are resistant to electric shocks. (rElec)
You are resistant to unholy torment.
You are immune to petrification.


Message History

You hit the orc.
The orc is severely wounded.
You closely miss the orc.
The orc is severely wounded.
You hit the orc but do no damage.
The orc is severely wounded.
You repeatedly attack the orc warrior from above.
You hit the orc warrior but do no damage. x2
You barely miss the orc warrior. The orc barely misses you.
The orc warrior hits you with a +0 long sword!
The orc hits you with a +0 hand axe. The orc warrior barely misses you.
You spin and attack the orc repeatedly.
You hit the orc.
You kill the orc!
The Council accepts your kill.
Aiming: Wall Jump
Press: ? - help, Dir - move target You repeatedly attack the orc warrior from above.
You completely miss the orc warrior. You hit the orc warrior.
The orc warrior is lightly wounded.
You hit the orc warrior but do no damage.
The orc warrior is lightly wounded.
You hit the orc warrior.
The orc warrior is lightly wounded.
The orc warrior hits you with a +0 long sword. x2
Okay, then.
Aiming: Wall Jump
Press: ? - help, Dir - move target You repeatedly attack the orc warrior from above.
You closely miss the orc warrior.
The orc warrior is lightly wounded.
You hit the orc warrior but do no damage.
The orc warrior is lightly wounded.
You hit the orc warrior.
The orc warrior is lightly wounded.
You hit the orc warrior but do no damage.
The orc warrior is lightly wounded.
The orc warrior hits you with a +0 long sword!
* * * LOW HITPOINT WARNING * * *
The orc warrior hits you with a +0 long sword.
You die...

##. # #.. #### #.# ..#
#.# #.# #.# #.. #.# ###
####.# #.# #.### ###.##.#
#)# #o#.##### #.......
#>######@#.##..###.#.##.#
#.....>○°○...............
########.#............<..
#.#########....... #.#
#..###). #.#########..#
#.# #............# #..
###########.######
#.......


You could see an orc warrior.

Vanquished Creatures
  A water moccasin (D:3)
  An ogre (D:4)
  A scorpion (D:3)
  A centaur zombie (D:5)
  A hound (D:4)
  An iguana (D:4)
  A hound skeleton (D:4)
  An adder (D:5)
  2 adder skeletons
  3 dart slugs (D:1)
  11 orcs
  2 bats
  10 endoplasms
  4 giant cockroaches
  7 hobgoblins
  2 jackals (D:2)
  5 kobolds
  3 quokkas
  11 ball pythons
  2 frilled lizards
  7 goblins
  A quokka skeleton (D:4)
  6 rats
84 creatures vanquished.

Notes
Turn   | Place    | Note
-------+----------+-------------------------------------------
     0 | D:1      | jlumianski the Gargoyle Monk began the quest for the Orb.
     0 | D:1      | Reached XP level 1. HP: 14/14 MP: 1/1
   166 | D:1      | Reached XP level 2. HP: 16/19 MP: 2/2
   779 | D:1      | Reached XP level 3. HP: 20/23 MP: 3/3
   780 | D:1      | Found a faded altar of an unknown god.
  2150 | D:3      | Noticed a scorpion
  2169 | D:3      | Killed a scorpion
  2170 | D:3      | Reached XP level 4. HP: 11/29 MP: 4/4
  2405 | D:4      | Reached skill level 1 in Short Blades
  2405 | D:4      | Reached skill level 1 in Armour
  2405 | D:4      | Reached XP level 5. HP: 28/33 MP: 5/5
  2484 | D:4      | Noticed an ogre
  2530 | D:5      | Entered Level 5 of the Dungeon
  2612 | D:5      | Found a staircase to the Ecumenical Temple.
  2629 | Temple   | Entered the Ecumenical Temple
  2647 | Temple   | Became a worshipper of the Wu Jian Council
  2647 | Temple   | Reached * piety under Wu Jian
  2647 | Temple   | Reached ** piety under Wu Jian
  2763 | D:3      | Found a snail-covered altar of Cheibriados.
  3005 | D:3      | Noticed Sigmund
  3367 | D:3      | Noticed a water moccasin
  3397 | D:3      | Killed a water moccasin
  3398 | D:3      | Reached XP level 6. HP: 7/38 MP: 6/6
  4054 | D:4      | Reached XP level 7. HP: 9/43 MP: 7/7
  5332 | D:5      | HP: 2/43 [orc warrior (14)]
  5332 | D:5      | Slain by an orc warrior

Illustrated notes

Levels and vault maps discovered:
D:1:      amcnicky_arrival_blooded_trapdoor, layout_loops_cross,
          shapermc_ecumenical_altar_totnotflames, serial_bayou_pond_d,
          amcnicky_mini_pool_small, minmay_misc_feat_roman, minmay_tall_x
D:2:      layout_loops_ring
D:3:      minmay_chambers_of_twos, layout_basic, cheibriados_altar_1,
          uniq_sigmund
D:4:      layout_cave_pods
D:5:      layout_loops_ring, mainiacjoe_overflow_two_lobes, temple_hall,
          serial_glass, glass_columns_a, glass_columns_a, glass_columns_a,
          glass_columns_c, glass_columns_a, glass_columns_a,
          kennysheep_cluttered_room
D:6:      layout_basic, nicolae_hepliaklqana_hazy_memory,
          makhleb_blood_cavern_becter, kennysheep_mini,
          gammafunk_ghost_stat_death
Temple:   jpeg_temple_clearing

Skill      XL: |  1  2  3  4  5  6 |
---------------+-------------------+-----
Axes           | 3 |  3.5
Stealth        | 3 4 |  4.1
Short Blades   | 1 2 3 |  3.4
Armour         | 1 2 |  2.3
Fighting       | 4 |  4.2
Dodging        | 3 |  3.1
Throwing       | |  0.1

Action                   |  1- 3 |  4- 6 |  7- 9 || total
-------------------------+-------+-------+-------++-------
Melee: Hand axe          |    66 |       |       ||    66
       Short sword       |    59 |   132 |    67 ||   258
Throw: Dart              |       |     3 |     2 ||     5
Invok: Lunge             |       |    14 |     5 ||    19
       Whirlwind         |       |     5 |     5 ||    10
 Abil: Wall Jump         |       |    12 |    11 ||    23
Evoke: Wand              |       |     1 |       ||     1
 Stab: Sleeping          |     9 |     6 |       ||    15
       Distracted        |       |       |     1 ||     1
Armor: Robe              |    15 |       |       ||    15
       Leather armour    |     6 |    28 |     8 ||    42
       Ring mail         |       |       |     4 ||     4
Dodge: Dodged            |    61 |    67 |    16 ||   144
